 Dungeon Crawl Stone Soup version 0.24.0-1-gfbc8707 (webtiles) character file.

Game seed: 10519531478088268261, levelgen mode: deterministic

36 Fang the Skirmisher (level 3, -1/36 HPs)
             Began as a Gargoyle Berserker on Oct 29, 2019.
             Was a Believer of Trog.
             Slain by a water moccasin (4 damage)
             ... on level 2 of the Dungeon.
             The game lasted 00:01:35 (1188 turns).

Fang the Skirmisher (Gargoyle Berserker)            Turns: 1188, Time: 00:01:36

Health: -1/36      AC:  5    Str: 26    XL:     3   Next: 37%
Magic:  3/3        EV: 12    Int:  7    God:    Trog [**....]
Gold:   245        SH:  0    Dex:  9    Spells: 2/2 levels left

rFire    . . .     SeeInvis .   a - +0 hand axe
rCold    . . .     Gourm    .   (no shield)
rNeg     + . .     Faith    .   b - +0 animal skin
rPois    ∞         Spirit   .   (no helmet)
rElec    +         Reflect  .   (no cloak)
rCorr    .         Harm     .   (no gloves)
MR       .....                  (no boots)
Stlth    ..........             (no amulet)
HPRegen  0.12/turn              (no ring)
MPRegen  0.08/turn              (no ring)

@: berserking, very quick
A: negative energy resistance 1, electricity resistance, unbreathing,
petrification resistance, rot immunity, AC +3
a: Berserk, Trog's Hand, Renounce Religion


You were on level 2 of the Dungeon.
You worshipped Trog.
Trog was pleased with you.
You were hungry.

You visited 1 branch of the dungeon, and saw 2 of its levels.

You collected 245 gold pieces.

Inventory:

Hand Weapons
 a - a +0 hand axe (weapon)
Armour
 b - a +0 animal skin (worn)
Jewellery
 e - an uncursed ring of protection from cold {unknown}
 j - a cursed ring of teleportation {unknown}
Scrolls
 g - a scroll of magic mapping {unknown}
 h - 2 scrolls of fog {unknown}
 l - 2 scrolls of identify {unknown}
 m - a scroll of teleportation {unknown}
 o - 2 scrolls of amnesia {unknown}
Potions
 d - a potion of degeneration {unknown}
 i - a potion of agility {unknown}
 k - a potion of heal wounds {unknown}
 n - a potion of invisibility {unknown}
Comestibles
 c - 5 rations
 f - 3 chunks of flesh


   Skills:
 + Level 3.7 Fighting
 + Level 3.0 Axes
 + Level 2.7 Armour
 + Level 2.0 Dodging


You had 2 spell levels left.
You didn't know any spells.
Your spell library was empty.

Dungeon Overview and Level Annotations

Branches:
Dungeon (2/15)

Altars:


Innate Abilities, Weirdness & Mutations

You are resistant to torment.
Your stone body is resilient. (AC +3)
You are immune to poison.
You resist negative energy. (rN+)
You are resistant to electric shocks. (rElec)
You can survive without breathing.
You are immune to petrification.
You are immune to rotting.


Message History

The water moccasin closely misses you.
You barely miss the water moccasin.
The water moccasin is moderately wounded.
The water moccasin bites you.
* * * LOW HITPOINT WARNING * * *
You closely miss the water moccasin.
The water moccasin is moderately wounded.
The water moccasin closely misses you.
You hit the water moccasin.
The water moccasin is heavily wounded.
The water moccasin closely misses you.
You miss the water moccasin.
The water moccasin is heavily wounded.
The water moccasin closely misses you.
You slash the water moccasin!
The water moccasin is almost dead.
The water moccasin bites you!
* * * LOW HITPOINT WARNING * * *
The water moccasin bites you.
You die...

#.# ##.#
#.#####.#
#>......#
#######.###
#.... ### #.###
##.## #.#
##.#.###### #.#
#.#.....@.# #.#
##...####S# #.#
##.## .# #.#
#.# .# #.# #.#
.## #######.##
#.#####...
.........##
#.####.........
..........#
#........(.###
#######.#.#
###........#
##########.#.#


You could see a water moccasin.

Vanquished Creatures
  An ooze (D:1)
  A dart slug (D:1)
  A leopard gecko (D:1)
  A ball python (D:1)
  3 hobgoblins (D:1)
  7 jackals
  A quokka (D:2)
  2 bats
  A goblin (D:1)
  6 kobolds
  3 rats
  3 toadstools (D:2)
30 creatures vanquished.

Vanquished Creatures (others)
  3 toadstools (D:2)
3 creatures vanquished.

Grand Total: 33 creatures vanquished

Notes
Turn   | Place    | Note
-------+----------+-------------------------------------------
     0 | D:1      | Fang the Gargoyle Berserker began the quest for the Orb.
     0 | D:1      | Reached XP level 1. HP: 14/14 MP: 1/1
    87 | D:1      | Reached XP level 2. HP: 14/19 MP: 2/2
   784 | D:1      | Reached XP level 3. HP: 16/23 MP: 3/3
  1140 | D:2      | Reached ** piety under Trog
  1174 | D:2      | Noticed a water moccasin
  1188 | D:2      | Slain by a water moccasin

Levels and vault maps discovered:
D:1:      kennysheep_arrival_forest, layout_loops_ring
D:2:      layout_loops_ring, marbit_many_paths, minmay_gold_behind_fungi,
          minivault_5

Skill      XL: |  1  2  3 |
---------------+----------+-----
Axes           | 3 |  3.0
Dodging        | 2 |  2.0
Fighting       | |  3.7
Armour         | |  2.7

Action                   || total
-------------------------++-------
Melee: Hand axe          ||   119
Invok: Berserk           ||     1
  Eat: Chunk             ||     1
Armor: Animal skin       ||    49
Dodge: Dodged            ||   107
